 Dungeon Crawl Stone Soup version 0.19-GnollCrawlA-1-g03664ee (webtiles) character file.

405 PurpleRed the Skirmisher (level 1, -1/19 HPs)
             Began as a Minotaur Berserker on Sept 1, 2016.
             Was a Believer of Trog.
             Slain by a gnoll
             ... wielding a +0 halberd
              (2 damage)
             ... in a bailey.
             The game lasted 00:07:25 (2504 turns).

PurpleRed the Skirmisher (Minotaur Berserker)       Turns: 2504, Time: 00:07:26

Health: -1/19      AC: 13    Str: 21    XL:     1   Next: 0%
Magic:  0/0        EV:  6    Int:  4    God:    Trog [**....]
Gold:   75         SH:  0    Dex:  9    Spells: 0 memorised, 0 levels left

rFire  . . .     SeeInvis .     a - +1 short sword
rCold  . . .     Gourm    .     e - +1 plate armour
rNeg   . . .     Faith    .     (no shield)
rPois  .         Spirit   .     (helmet restricted)
rElec  .         Dismiss  .     g - +0 cloak
rCorr  .         Reflect  .     (no gloves)
SustAt .         Harm     .     (no boots)
MR     .....                    (no amulet)
Stlth  ..........               (no ring)
                                (no ring)

@: exhausted, slowed, very slow
A: retaliatory headbutt, horns 2
a: Berserk, Trog's Hand, Burn Spellbooks, Renounce Religion


You were in a bailey.
You worshipped Trog.
Trog was pleased with you.
You were not hungry.

You visited 1 branch of the dungeon, and saw 9 of its levels.
You also visited: Ossuary and Bailey.

You collected 165 gold pieces.
You spent 90 gold pieces at shops.

Inventory:

Hand Weapons
 a - a +1 short sword (weapon)
Missiles
 b - 20 bolts
Armour
 e - a +1 plate armour (worn)
 g - a +0 cloak (worn)
Wands
 r - a wand of flame (17/48)
Scrolls
 h - a scroll of remove curse
Potions
 d - a potion of flight
 f - a potion of cure mutation {unknown}
 i - a potion of mutation {unknown}
 j - a potion of curing {unknown}
 k - a potion of berserk rage {unknown}
 l - 2 potions of ambrosia {unknown}
 m - a potion of heal wounds {unknown}
 n - a potion of haste {unknown}
 o - a potion of brilliance {unknown}
 p - a potion of lignification {unknown}
Comestibles
 c - a bread ration


   Skills:
 + Level 3.6 Fighting
 + Level 3.2 Short Blades
 + Level 2.4 Armour
 + Level 2.1 Dodging


You couldn't memorise any spells.
You didn't know any spells.

Dungeon Overview and Level Annotations

Branches:
Dungeon (9/15)
 Temple: D:1-2         Lair: D:8-11         Orc: D:9-12

Altars:
Ashenzari
Qazlal

Shops:
D:4 [[[[


Innate Abilities, Weirdness & Mutations

You reflexively headbutt those who attack you in melee.
You have a pair of horns on your head.


Message History

You puncture the gnoll!
You gnoll the gnoll!
Trog gnolls your kill.
Things that are here:
a spear; a gnoll corpse Gnoll feel a strong urge to attack something.
You are no longer berserk.
You are exhausted.
You feel yourself slow down.
The gnoll hits gnoll but does no damage.
The gnoll hits you but does no damage.
There is an open door here.
The gnoll barely misses you. The gnoll hits you.
The gnoll hits you with a halberd!
Ouch! That really hurt!
* * * LOW HITPOINT WARNING * * *
Things that are gnoll: a spear; a gnoll corpse The gnoll hits you with a halberd.
You die...

#.......##
.........#
.........##
....⌠.....#######
........g##.....##
.........#.......#
#......g##.......##
#......g'g).......+
##.....##g@.......##
#######.....⌠.....#
##.........#
#.........#
##.......##
#.......# ##.....##
♣##)''##♣ ♣♣.))....♣


You could see 4 gnolls.

Vanquished Creatures
  39 gnolls
  A gnoll zombie (Ossuary)
  20 gnoll skeletons (Ossuary)
60 creatures vanquished.

Notes
Turn   | Place    | Note
-------+----------+-------------------------------------------
     0 | D:1      | PurpleRed the Minotaur Berserker began the quest for the Orb.
     0 | D:1      | Reached XP level 1. HP: 19/19 MP: 0/0
   467 | D:4      | Found a sand-covered staircase.
   472 | Ossuary  | Entered an ossuary
  1012 | D:4      | Found Haxy's Antique Armour Shop.
  1026 | D:4      | Bought a cloak for 90 gold pieces
  1101 | D:4      | Found Siffyun's Armour Emporium.
  1125 | D:4      | Found Fulology's Antique Armour Shop.
  1295 | D:4      | Found Kyanaso's Antique Armour Shoppe.
  1344 | D:5      | Entered Level 5 of the Dungeon
  1535 | D:5      | Found a stormy altar of Qazlal.
  1946 | D:7      | Found a shattered altar of Ashenzari.
  1979 | D:8      | Reached ** piety under Trog
  2407 | D:9      | Found a flagged portal.
  2422 | Bailey   | Entered a bailey
  2504 | Bailey   | Slain by a gnoll

Action                   || total
-------------------------++-------
Melee: Short sword       ||   165
       Headbutt          ||    41
Invok: Berserk           ||    13
       Burn Spellbooks   ||     1
  Use: Scroll            ||     9
Armor: Plate armour      ||    70
Dodge: Dodged            ||    41
